 Dungeon Crawl Stone Soup version 0.22.0-60-ga52c2fc (webtiles) character file.

21 marrkus the Chopper (level 2, -2/27 HPs)
             Began as a Deep Dwarf Fighter on Sept 9, 2018.
             Slain by a gnoll
             ... wielding a +1 flail of draining
              (8 damage)
             ... on level 1 of the Dungeon.
             The game lasted 00:02:51 (905 turns).

marrkus the Chopper (Deep Dwarf Fighter)             Turns: 905, Time: 00:02:52

Health: -2/27      AC: 11    Str: 19    XL:     2   Next: 62%
Magic:  2/2        EV:  3    Int:  8    God:
Gold:   40         SH:  8    Dex: 12    Spells: 1/1 levels left

rFire    . . .     SeeInvis .   a - +0 war axe
rCold    . . .     Gourm    .   c - +0 shield
rNeg     . . .     Faith    .   k - +0 plate armour
rPois    .         Spirit   .   (no helmet)
rElec    .         Reflect  .   (no cloak)
rCorr    .         Harm     .   (no gloves)
MR       .....                  (no boots)
Stlth    ..........             (no amulet)
HPRegen  0.00/turn              (no ring)
MPRegen  0.08/turn              (no ring)

@: non-regenerating, drained
A: damage resistance, heal wounds, sense surroundings 1, no regeneration
a: Heal Wounds


You were on level 1 of the Dungeon.
You were not hungry.

You visited 1 branch of the dungeon, and saw 2 of its levels.

You collected 40 gold pieces.

Inventory:

Hand Weapons
 a - a +0 war axe (weapon)
 h - a +0 dagger of venom
Missiles
 g - 89 stones (quivered)
Armour
 b - a +0 scale mail
 c - a +0 shield (worn)
 k - a +0 plate armour (worn)
Jewellery
 m - an uncursed ring of protection from cold {unknown}
Scrolls
 e - a scroll of identify {unknown}
 i - a scroll of teleportation {unknown}
 l - a scroll of enchant weapon {unknown}
 o - a scroll of remove curse {unknown}
Potions
 d - a potion of might
 j - a potion of curing {unknown}
 n - a potion of mutation {unknown}
 p - a potion of magic {unknown}
Comestibles
 f - 2 rations


   Skills:
 - Level 2.6(1.8) Fighting
 + Level 3.6(2.7) Axes
 - Level 3.2(2.4) Armour
 - Level 3.2(2.4) Shields


You had one spell level left.
You didn't know any spells.
Your spell library was empty.

Dungeon Overview and Level Annotations

Branches:
Dungeon (2/15)

Altars:


Innate Abilities, Weirdness & Mutations

You are resistant to damage.
You can heal yourself by infusing magical energy.
You passively map a small area around you.
You do not regenerate.


Message History

A goblin comes into view. It is wielding a dagger.
There is a stone staircase leading up here.
The gnoll hits you with a flail of draining.
You feel drained.
You climb upwards.
There is a stone staircase leading down here.
Your shield and plate armour prevent you from hitting the gnoll.
The gnoll hits you with a flail of draining!
You feel drained.
* * * LOW HITPOINT WARNING * * *
You are too injured to fight recklessly!
You are too injured to fight recklessly!
You hit the gnoll but do no damage. You block the gnoll's attack.
You hit the gnoll but do no damage.
The gnoll hits you with a flail of draining.
* * * LOW HITPOINT WARNING * * *
You feel drained.
You closely miss the gnoll. You block the gnoll's attack.
The gnoll hits you with a flail of draining!
You die...

#......#.##.#.....#..
#......#.##.#.###.#.#
#....................
#........##.#...###.#
#.##.######.#........
#####.........#.##..###.#
#........#....#.#.....#.#
#......g.#....#.#...#.#.#
#.......@'......##.####.#
#........#...............
#........#....#.##.####.#
###...#..#.#......##.####.#
##.#.#.#.#.##+###..........#
#.................#.#.######
###.#.#.#.#.#......#.........
#..................##..######
#.#.#.#.#.#.#................


You could see a gnoll.

Vanquished Creatures
  3 bats (D:1)
  3 giant cockroaches (D:1)
  3 hobgoblins (D:1)
  4 kobolds (D:1)
  A frilled lizard (D:1)
  3 goblins (D:1)
  A rat (D:1)
18 creatures vanquished.

Notes
Turn   | Place    | Note
-------+----------+-------------------------------------------
     0 | D:1      | marrkus the Deep Dwarf Fighter began the quest for the Orb.
     0 | D:1      | Reached XP level 1. HP: 20/20 MP: 1/1
   163 | D:1      | Reached XP level 2. HP: 21/27 MP: 2/2
   905 | D:1      | Slain by a gnoll

Skill      XL: |  1 |
---------------+----+-----
Axes           | 3 |  3.6
Fighting       | |  2.6
Armour         | |  3.2
Shields        | |  3.2

Action                   || total
-------------------------++-------
Melee: War axe           ||    61
Armor: Scale mail        ||    14
       Plate armour      ||    13
Dodge: Dodged            ||    18
Block: Shield            ||    34
